 Dungeon Crawl Stone Soup version 0.22.1-2-g9c5b331383 (webtiles) character file.

96 Chr0nify the Conjurer (level 4, -1/24 HPs)
             Began as a Deep Elf Conjurer on Nov 16, 2018.
             Was an Initiate of Makhleb.
             Slain by an orc wizard
             ... wielding a +0 club
              (3 damage)
             ... on level 3 of the Dungeon.
             The game lasted 00:13:33 (2874 turns).

Chr0nify the Conjurer (Deep Elf Conjurer)           Turns: 2874, Time: 00:13:34

Health: -1/24      AC:  3    Str:  5    XL:     4   Next: 41%
Magic:  11/12      EV: 13    Int: 21    God:    Makhleb [......]
Gold:   201        SH:  5    Dex: 13    Spells: 2/12 levels left

rFire    x . .     SeeInvis .   (no weapon)
rCold    + . .     Gourm    .   (no shield)
rNeg     + . .     Faith    .   a - +0 robe
rPois    .         Spirit   .   (helmet restricted)
rElec    .         Reflect  +   (no cloak)
rCorr    .         Harm     .   (no gloves)
MR       .....                  o - +0 pair of boots
Stlth    ++........             d - +5 amulet of reflection
HPRegen  0.08/turn              p - ring of positive energy
MPRegen  0.13/turn              v - ring of ice

@: no status effects
A: antennae 1, talons 1, clumsy 1, sense surroundings 1
a: Renounce Religion


You were on level 3 of the Dungeon.
You worshipped Makhleb.
Makhleb was noncommittal.
You were hungry.

You visited 1 branch of the dungeon, and saw 3 of its levels.

You collected 201 gold pieces.

Inventory:

Armour
 a - a +0 robe (worn)
 o - a +0 pair of boots (worn)
Jewellery
 d - a +5 amulet of reflection (around neck)
 h - an uncursed ring of resist corrosion
 l - an uncursed ring of ice
 p - a ring of positive energy (left hand)
 v - a ring of ice (right hand)
Scrolls
 b - 2 scrolls of identify
 e - a scroll of fog
 f - 4 scrolls of remove curse
 i - a scroll of blinking {unknown}
 j - a scroll of amnesia {unknown}
 m - a scroll of teleportation
 n - 2 scrolls of magic mapping {unknown}
Potions
 u - a potion of brilliance {unknown}
Comestibles
 c - 5 rations
 t - 4 chunks of flesh


   Skills:
 + Level 2.4 Dodging
 + Level 2.7 Stealth
 + Level 4.7 Spellcasting
 + Level 5.5 Conjurations
 + Level 0.1 Hexes


You had 2 spell levels left.
You knew the following spells:

 Your Spells              Type           Power        Failure   Level  Hunger
a - Magic Dart            Conj           ####         1%          1    None
b - Searing Ray           Conj           ####..       1%          2    #......
c - Dazzling Spray        Conj/Hex       ###...       11%         3    ##.....
d - Iskenderun's Mystic   Conj           ####....     11%         4    ####...

Your spell library contained the following spells:

 Spells                   Type           Power        Failure   Level  Hunger
 Force Lance              Conj/Tloc      ###.....     34%         4    ####...
 Fulminant Prism          Conj/Hex       ###.......   34%         4    ####...


Dungeon Overview and Level Annotations

Branches:
Dungeon (3/15)

Altars:
Ashenzari
Gozag
Makhleb


Innate Abilities, Weirdness & Mutations

You have a pair of small antennae on your head.
You have sharp toenails.
You are clumsy. (Dex -2)
You passively map a small area around you.


Message History

You feel less wooden.
Your +0 pair of boots unmelds from your body.
Your +0 robe unmelds from your body.
You feel less invigorated.
You feel less confused.
You hear some strange, mumbled words.
A puff of flame appears from out of thin air!
The puff of flame hits you! The fire burns you terribly!
Ouch! That really hurt!
* * * LOW HITPOINT WARNING * * *
The orc hits you from afar with a trident.
* * * LOW HITPOINT WARNING * * *
Casting: Magic Dart (safe; 1% risk of failure)
Confirm with . or Enter, or press ? or * to list all spells.
Aiming: Searing Ray (safe; 1% risk of failure)
Press: ? - help, Shift-Dir - straight line, f - orc
Aim: an orc, wielding a trident The searing ray hits something. (Press . to maintain the ray.)
Something hits you.
You die...

,#......# #.##.# #....^.#
#..#.# # #......# ##.#.##.#
#####.### #......# #...#
###.#..# ###># #.#..# ###.#
#.# .# # ##...# ##### #.# .#
## #..### ##..@## #.# #
.####.## ##...{.## ###÷##.###
.##...# #....o†.###........#
.##)### #.......##..#.....##
.....#####
#.......##.##.....#
#.o......#
##.....##..#..#...#
###..###.#
##.....#..##..#..## # #..#
#.###................#
###..###............###.....#


You could see an orc.

Vanquished Creatures
  3 adders
  2 oozes (D:2)
  A worm (D:3)
  3 leopard geckos
  3 orcs (D:3)
  4 bats
  3 giant cockroaches
  6 goblins (D:1)
  7 hobgoblins
  3 jackals (D:3)
  3 quokkas (D:2)
  A frilled lizard (D:2)
  3 kobolds
  5 rats
47 creatures vanquished.

Notes
Turn   | Place    | Note
-------+----------+-------------------------------------------
     0 | D:1      | Chr0nify the Deep Elf Conjurer began the quest for the Orb.
     0 | D:1      | Reached XP level 1. HP: 10/10 MP: 6/6
   222 | D:1      | Reached XP level 2. HP: 14/15 MP: 4/8
   319 | D:1      | Learned a level 2 spell: Searing Ray
   538 | D:1      | Reached skill level 5 in Conjurations
  1159 | D:2      | Reached XP level 3. HP: 10/19 MP: 2/10
  1585 | D:2      | Learned a level 3 spell: Dazzling Spray
  1642 | D:2      | Found a burning altar of Makhleb.
  1698 | D:2      | Became a worshipper of Makhleb the Destroyer
  1819 | D:2      | Found a shattered altar of Ashenzari.
  1932 | D:2      | Found an opulent altar of Gozag.
  2422 | D:3      | Reached XP level 4. HP: 24/24 MP: 4/12
  2484 | D:3      | Learned a level 4 spell: Iskenderun's Mystic Blast
  2872 | D:3      | Gained mutation: You have sharp toenails. [potion of
                  | mutation]
  2872 | D:3      | Gained mutation: You have a pair of small antennae on your
                  | head. [potion of mutation]
  2872 | D:3      | Gained mutation: You are clumsy. (Dex -2) [potion of
                  | mutation]
  2872 | D:3      | Gained mutation: You passively map a small area around you.
                  | [potion of mutation]
  2874 | D:3      | Slain by an orc wizard

Skill      XL: |  1  2  3 |
---------------+----------+-----
Conjurations   | 5 |  5.5
Spellcasting   | 4 |  4.7
Dodging        | |  2.4
Stealth        | |  2.7
Hexes          | |  0.1

Action                   |  1- 3 |  4- 6 || total
-------------------------+-------+-------++-------
Melee: Unarmed           |     2 |     5 ||     7
 Cast: Magic Dart        |    70 |    17 ||    87
       Searing Ray       |     3 |     3 ||     6
       Dazzling Spray    |     9 |     3 ||    12
       Iskenderun's Myst |       |     6 ||     6
  Use: Scroll            |     1 |     2 ||     3
       Potion            |       |     5 ||     5
  Eat: Chunk             |     5 |     2 ||     7
Armor: Robe              |     4 |     7 ||    11
       Skin              |       |     4 ||     4
Dodge: Dodged            |    11 |    18 ||    29
Block: Other             |     2 |    13 ||    15
